 Dungeon Crawl Stone Soup version 0.31-a0-216-g22e908daa7 (webtiles) character file.

Game seed: 3709711299949538176

61 qw the Shooter (level 4, 0/26 HPs)
             Began as a Gargoyle Hexslinger on July 1, 2023.
             Slain by an orc
             ... wielding a +1 antimagic war axe
              (7 damage)
             ... on level 3 of the Dungeon.
             The game lasted 00:00:29 (1244 turns).

qw the Shooter (Gargoyle Hexslinger)                Turns: 1244, Time: 00:00:30

Health: 0/26       AC:  8    Str: 12    XL:     4   Next: 7%
Magic:  0/5        EV: 10    Int: 13    God:
Gold:   143        SH:  0    Dex: 14    Spells: 4/5 levels left

rFire   . . .        Y - +3 sling
rCold   . . .        (no shield)
rNeg    + . .        a - +0 ring mail
rPois   inf          (no helmet)
rElec   +            (no cloak)
rCorr   .            (no gloves)
SInv    .            (no boots)
Will    .....        (no amulet)
Stlth   +            (no ring)
HPRegen 0.24/turn    (no ring)
MPRegen 0.09/turn

%: no passive effects
@: no status effects
A: sickness immunity, AC +3, negative energy resistance 1, electricity
resistance, torment resistance 1, petrification resistance
a: no special abilities


You were on level 3 of the Dungeon.
You visited 1 branch of the dungeon, and saw 3 of its levels.

You collected 143 gold pieces.


Innate Abilities, Weirdness & Mutations

You are immune to sickness and miasma.
Your stone body is resilient. (AC +3)
You are immune to poison.
You resist negative energy. (rN+)
You are resistant to electric shocks. (rElec)
You are resistant to unholy torment.
You are immune to petrification.


   Skills:
 - Level 2.2 Fighting
 + Level 3.7 Ranged Weapons
 - Level 1.5 Dodging
 - Level 1.0 Spellcasting
 - Level 2.6 Hexes


You had 4 spell levels left.
You knew the following spells:

 Your Spells              Type           Power      Damage    Failure   Level
a - Slow                  Hex            28%        N/A       22%         1

Your spell library contained the following spells:

 Spells                   Type           Power      Damage    Failure   Level
 Inner Flame              Hex/Fire       4%         N/A       73%         3
 Portal Projectile        Hex/Tloc       8%         N/A       73%         3
 Cause Fear               Hex            3%         N/A       91%         4

Inventory:

Hand Weapons
 Y - a +3 sling (weapon)
Armour
 a - a +0 ring mail (worn)
Potions
 b - a potion of might {unknown}
 c - a potion of invisibility {unknown}
 d - a potion of haste {unknown}
 e - 2 potions of heal wounds {unknown}
 f - a potion of curing {unknown}

Dungeon Overview and Level Annotations

Branches:
Dungeon (3/15)

Altars:

Shops:
D:2 :


Message History

The orc hits you with a +1 antimagic war axe.
You feel your power leaking away.
You shoot a sling bullet. The sling bullet misses the adder.
The sling bullet closely misses the orc.
The sling bullet hits the orc!
You kill the orc!
The adder bites you but does no damage.
The orc hits you with a +1 antimagic war axe.
You feel your power leaking away. The adder bites you but does no damage.
You shoot a sling bullet. The sling bullet hits the adder.
The adder is heavily wounded.
The adder barely misses you. The orc hits you but does no damage.
The adder misses you.
You shoot a sling bullet.
The sling bullet barely misses the adder.
A ball python comes into view.
The adder bites you. The adder bites you but does no damage.
You shoot a sling bullet. The ball python hisses angrily.
The sling bullet hits the adder.
The adder is severely wounded.
The adder bites you but does no damage. The orc hits you but does no damage.
You shoot a sling bullet. The sling bullet hits the adder!
You kill the adder!
The orc hits you with a +1 antimagic war axe.
You feel your power leaking away. The orc completely misses you.
The orc hits you with a +0 dagger. The orc barely misses you.
Something hits you.
You have reached level 4!
You feel stronger.
You shoot a sling bullet.
The sling bullet completely misses the orc.
Something hits you but does no damage.
The orc hits you with a +1 antimagic war axe.
The orc barely misses you.
You shoot a sling bullet. The sling bullet hits the orc!
The orc is almost dead.
Something hits you but does no damage. The orc hits you but does no damage.
The orc hits you with a +1 antimagic war axe!
You die...

..........
#.........
#......)..
#.<....... ##
#.<...$...
#..##.S.......
#....oo{....#
#.#...@###
#........###
#...####...##
#.. ###..###
#.. ##...# #.
###.## # #..##
####
##..####...
##........


You could see 2 orcs and a ball python.

Vanquished Creatures
  2 adders
  A worm (D:2)
  2 orcs (D:3)
  2 bats
  2 endoplasms (D:2)
  2 giant cockroaches
  4 goblins
  2 hobgoblins
  3 kobolds (D:2)
  2 quokkas (D:2)
  9 ball pythons
  A frilled lizard (D:2)
  6 rats
38 creatures vanquished.

Notes
Turn   | Place    | Note
-------+----------+-------------------------------------------
     0 | D:1      | qw the Gargoyle Hexslinger began the quest for the Orb.
     0 | D:1      | Reached XP level 1. HP: 12/12 MP: 2/2
     0 | D:1      | 0 ||| qw: Version: 0.3-a-34-gb2f95b8
     0 | D:1      | 0 ||| qw: Game counter: 7695
     0 | D:1      | 0 ||| qw: Melee chars always use a shield: true
     0 | D:1      | 0 ||| qw: God list: Okawaru
     0 | D:1      | 0 ||| qw: Allow faded altars: false
     0 | D:1      | 0 ||| qw: Do Orc after clearing Dungeon:15 true
     0 | D:1      | 0 ||| qw: Do second Lair branch before Depths: true
     0 | D:1      | 0 ||| qw: Lair rune preference: random
     0 | D:1      | 0 ||| qw: Goals: Normal
     0 | D:1      | 0 ||| PLANNING D:1-11
   475 | D:1      | 475 ||| UPGRADING to +0 leather armour.
   485 | D:1      | 485 ||| DROPPING +0 robe.
   486 | D:1      | 486 ||| READING scroll labelled WYASHEF FYKUMP.
   487 | D:1      | 487 ||| READING scroll labelled QIYCVE FAGGAEG.
   488 | D:1      | 488 ||| READING scroll labelled YFABASMOBA.
   489 | D:1      | 489 ||| READING scroll labelled NATRIU XOAGOZYI.
   490 | D:1      | 490 ||| DROPPING scroll of poison.
   501 | D:2      | Found a faded altar of an unknown god.
   534 | D:2      | Reached XP level 2. HP: 16/16 MP: 3/3
   541 | D:2      | Found Fuumyuss's Vocational Training.
   604 | D:2      | Reached skill level 3 in Ranged Weapons
   705 | D:2      | Reached XP level 3. HP: 13/21 MP: 4/4
  1056 | D:2      | 1056 ||| UPGRADING to +0 ring mail.
  1066 | D:2      | 1066 ||| DROPPING +0 leather armour.
  1067 | D:2      | 1067 ||| READING scroll labelled ZIGAOP JE DET.
  1070 | D:2      | 1070 ||| READING scroll labelled FYDDUOJOYD.
  1139 | D:3      | 1139 ||| READING scroll of enchant weapon.
  1139 | D:3      | 1139 ||| ENCHANTING +2 sling.
  1243 | D:3      | Reached XP level 4. HP: 8/26 MP: 0/5
  1244 | D:3      | Slain by an orc

Levels and vault maps discovered:
D:1:      tarquinn_simple_flora_water_f, layout_basic
D:2:      layout_rooms, nicolae_ecumenical_pavilion,
          minmay_misc_feat_more_columns, nicolae_shop_vocational
D:3:      layout_rooms

Skill      XL: |  1  2 |
---------------+-------+-----
Ranged Weapons | 3 |  3.7
Fighting       | 2 |  2.2
Dodging        | |  1.5
Spellcasting   | |  1.0
Hexes          | |  2.6

Action                     |  1- 3 |  4- 6 || total
---------------------------+-------+-------++-------
   Fire: Sling             |   101 |     2 ||   103
    Use: Scroll            |     7 |       ||     7
 Armour: Leather armour    |     9 |       ||     9
         Ring mail         |    10 |     3 ||    13
  Dodge: Dodged            |    42 |     1 ||    43

Table legend:
 A = Non-vault XP
 B = Vault XP
 C = Vault XP percentage of total XP
 D = Non-vault monster count
 E = Vault monster count
 F = Vault count percentage of total count
                 A         B        C        D         E       F
            +---------+---------+-------+---------+---------+-------
      Total |      88 |       0 |   0.0 |      38 |       0 |   0.0
            +---------+---------+-------+---------+---------+-------
        D:1 |       5 |       0 |   0.0 |       3 |       0 |   0.0
        D:2 |      58 |       0 |   0.0 |      27 |       0 |   0.0
        D:3 |      25 |       0 |   0.0 |       8 |       0 |   0.0
            +---------+---------+-------+---------+---------+-------
